Map: [ESL] Gresvan

Players

ShoWTimE - Winner!

  • Race: Protoss Protoss
  • Spawn Location: 5:00

BattleB

  • Race: Terran Terran
  • Spawn Location: 11:00

Event: ESL SC2 Masters 2023 Summer (Regionals)

VOD

Have the link to the VOD?

Description

Time

  • Played on: May 10, 2023, 10:53 a.m.
  • Length: 8:54

All games in this series

Show
View Real Time Build Order
Export as new Build Order

ShoWTimE Protoss - Winner!

Build Orders: 1 Gate Expand, Oracle Opening 

Get SALT Encoding   

  12  0:00  Probe  
  13  0:12  Probe  
  14  0:17  Pylon  
  14  0:24  Probe (Chrono Boost)  
  15  0:35  Gateway  
  15  0:36  Probe (Chrono Boost)  
  16  0:45  Probe (Chrono Boost)  
  16  0:46  Assimilator  
  17  0:50  Probe  
  18  1:03  Probe  
  19  1:15  Probe  
  20  1:22  Nexus  
  20  1:32  Cybernetics Core  
  20  1:35  Probe  
  21  1:40  Assimilator  
  21  1:47  Probe  
  21  1:51  Pylon  
  22  1:59  Probe  
  23  2:06  Stalker (Chrono Boost)  
  23  2:12  Probe  
  26  2:24  Probe  
  26  2:26  Adept (Chrono Boost)  
  26  2:27  Stargate  
  29  2:34  Probe  
  29  2:36  Probe  
  31  2:37  Warp Gate  
  31  2:46  Probe  
  31  2:47  Shield Battery  
  31  2:49  Probe  
  33  2:54  Stalker (Chrono Boost)  
  35  3:01  Probe  
  35  3:03  Probe  
  37  3:13  Probe  
  37  3:15  Probe, Oracle (Chrono Boost)  
  42  3:25  Probe  
  43  3:29  Probe  
  44  3:38  Probe  
  44  3:40  Pylon  
  45  3:41  Probe  
  45  3:44  Twilight Council  
  46  3:52  Gateway  
  46  3:56  Gateway  
  46  3:58  Probe  
  46  4:01  Probe  
  46  4:02  Assimilator  
  48  4:11  Probe  
  48  4:12  Blink (Chrono Boost), Pylon  
  48  4:13  Probe  
  50  4:23  Probe  
  51  4:25  Probe  
  51  4:30  Nexus  
  52  4:35  Stalker  
  54  4:43  Shield Battery  
  54  4:48  Stalker  
  54  4:49  Pylon  
  54  4:50  Stalker  
  58  4:53  Probe  
  58  4:54  Probe  
  60  5:04  Stalker  
  60  5:07  Probe x2  
  64  5:08  Pylon  
  64  5:14  Forge  
  64  5:18  Stalker  
  64  5:19  Probe x2  
  68  5:22  Stalker  
  70  5:31  Probe x2  
  65  5:39  Stalker  
  61  5:43  Probe x2  
  61  5:44  Probe  
  61  5:47  Gateway, Stalker  
  61  5:49  Gateway, Stalker  
  68  5:57  Charge (Chrono Boost)  
  68  6:02  Gateway  
  68  6:03  Gateway  
  68  6:05  Protoss Ground Weapons Level 1  
  68  6:06  Gateway  
  68  6:07  Stalker  
  70  6:11  Probe x2  
  70  6:12  Probe  
  73  6:23  Pylon  
  73  6:24  Stalker x2  
  77  6:28  Pylon  
  77  6:31  Pylon  
  77  6:34  Shield Battery  
  77  6:37  Pylon  
  77  6:44  Sentry x3  
  77  6:46  Photon Cannon  
  83  6:48  Photon Cannon  
  83  6:51  Photon Cannon  
  83  6:53  Pylon, Gateway  
  83  7:00  Stalker x2  
  87  7:03  Stalker  
  88  7:11  Stalker  
  88  7:12  Probe x2, Pylon, Shield Battery  
  88  7:13  Probe  
  93  7:23  Zealot x5  
  93  7:27  Zealot  
  105  7:30  Zealot  
  105  7:36  Pylon  
  107  7:39  Stalker  
  107  7:42  Pylon  
  109  7:50  Zealot x6  
  89  8:06  Stalker x2  
  89  8:07  Stalker  
  89  8:10  Zealot x4  
  89  8:11  Zealot  
  105  8:14  Zealot  
  99  8:27  Probe x2  
  95  8:31  Stalker x6  
  105  8:38  Zealot x3  
Show
View Real Time Build Order
Export as new Build Order

BattleB Terran 

Build Orders: Reaper Expand 

Get SALT Encoding   

  12  0:00  SCV  
  13  0:12  SCV  
  14  0:16  Supply Depot  
  14  0:24  SCV  
  15  0:38  SCV  
  15  0:40  Barracks  
  16  0:43  Refinery  
  16  0:50  SCV  
  17  1:02  SCV  
  18  1:14  SCV  
  19  1:27  Orbital Command, Reaper  
  20  1:41  Command Center  
  20  1:51  Supply Depot  
  20  1:52  SCV  
  21  1:59  Marine  
  22  2:06  Bunker  
  22  2:08  SCV  
  23  2:17  Factory  
  23  2:20  SCV, Barracks Reactor  
  24  2:32  Barracks, SCV  
  25  2:40  Refinery  
  25  2:44  SCV  
  26  2:56  SCV  
  26  2:58  Marine x2  
  27  2:59  Orbital Command  
  29  3:06  Factory Tech Lab  
  29  3:08  SCV  
  30  3:16  Marine x2  
  32  3:20  SCV  
  32  3:23  Barracks Tech Lab  
  32  3:26  SCV, Cyclone  
  36  3:29  Supply Depot  
  36  3:32  SCV  
  37  3:35  Marine x2  
  37  3:40  SCV  
  39  3:42  Stimpack, Marine  
  39  3:45  SCV  
  41  3:53  Marine x2  
  41  3:55  SCV  
  44  3:57  SCV  
  44  3:58  Cyclone  
  44  4:01  Marine, Supply Depot  
  49  4:07  SCV  
  49  4:09  SCV  
  51  4:11  Marine x2  
  53  4:18  Marine  
  53  4:23  SCV x2  
  56  4:29  Marine x2  
  56  4:30  Cyclone  
  61  4:32  Barracks  
  61  4:33  Supply Depot  
  61  4:36  Marine  
  62  4:43  Engineering Bay  
  62  4:47  Supply Depot  
  62  4:55  Marine x2, SCV x2  
  63  5:01  Marine  
  64  5:07  SCV x2  
  64  5:09  Starport  
  64  5:10  Terran Infantry Weapons Level 1  
  64  5:11  Refinery  
  64  5:12  Marine x2  
  64  5:13  Supply Depot  
  68  5:19  SCV x2  
  70  5:24  Combat Shield  
  70  5:25  Marauder  
  70  5:31  SCV  
  70  5:32  SCV, Marine x2  
  70  5:33  Marauder  
  72  5:38  Factory Reactor  
  72  5:41  Concussive Shells  
  66  5:43  SCV  
  66  5:46  Refinery  
  66  5:47  Marauder  
  69  5:51  Medivac  
  69  5:53  Marine x2  
  68  6:01  Marauder  
  68  6:03  SCV x2  
  70  6:08  Marauder  
  72  6:11  Command Center  
  72  6:12  Marine x2  
  72  6:13  Supply Depot x2  
  72  6:21  Marine  
  72  6:23  SCV x2  
  74  6:27  Factory Reactor  
  74  6:28  Medivac  
  74  6:29  Medivac  
  78  6:34  Barracks, Marauder  
  78  6:35  Marine  
  78  6:36  Barracks  
  78  6:37  Marine  
  82  6:42  SCV x2  
  82  6:44  Marauder  
  86  6:51  Supply Depot  
  86  6:53  Marine  
  87  6:54  SCV x2  
  87  6:55  Marine  
  87  6:58  Marauder  
  92  7:03  Supply Depot  
  92  7:06  Widow Mine x2, Marauder, Medivac  
  92  7:07  Medivac  
  102  7:14  SCV x2  
  104  7:15  Marine  
  104  7:16  Marine  
  104  7:21  Marauder  
  108  7:26  SCV x2  
  108  7:28  Orbital Command  
  110  7:32  Barracks Reactor, Barracks Tech Lab  
  110  7:33  Widow Mine  
  110  7:35  Widow Mine  
  114  7:37  Marauder  
  114  7:38  SCV, Marine  
  118  7:48  Marine  
  118  7:49  Marauder  
  118  7:50  SCV  
  118  7:51  SCV  
  103  7:59  Medivac x2  
  103  8:01  SCV  
  103  8:02  Marine  
  103  8:03  SCV x2, Marauder x2  
  99  8:10  Marine x2  
  99  8:11  Marauder, Marine  
  101  8:13  Widow Mine, SCV  
  101  8:15  SCV  
  100  8:20  Marine  
  100  8:23  SCV, Marine  
  100  8:24  Marine  
  100  8:25  SCV  
  93  8:27  SCV  
  93  8:28  Marine  
  93  8:31  Marine  
  93  8:32  Marauder  
  84  8:34  Marine  
  84  8:40  SCV  
Tags
 
Add a new tag
Caveats
  • Supply blocks, unpowered buildings, or Contaminate may cause inaccurate times.
  • Supply counts are checked every 10 seconds.